 Dungeon Crawl Stone Soup version 0.21-a0-137-g951aa02 (webtiles) character file.

135 Ordine the Magician (level 4, -2/24 HPs)
             Began as a Deep Elf Wizard on July 19, 2017.
             Killed by divine providence
             ... invoked by an orc priest
              (13 damage)
             ... on level 3 of the Dungeon.
             The game lasted 00:07:14 (2709 turns).

Ordine the Magician (Deep Elf Wizard)               Turns: 2709, Time: 00:07:14

Health: -2/24      AC:  3    Str:  4    XL:     4   Next: 97%
Magic:  7/13       EV: 13    Int: 24    God:
Gold:   67         SH:  0    Dex: 13    Spells: 2/13 levels left

rFire    . . .     SeeInvis .   h - +0 dagger
rCold    . . .     Gourm    .   (no shield)
rNeg     . . .     Faith    .   a - +0 robe
rPois    .         Spirit   .   k - +1 hat {MR+}
rElec    .         Reflect  .   (no cloak)
rCorr    .         Harm     .   (no gloves)
MR       +....                  (no boots)
Stlth    +++.......             (no amulet)
HPRegen  0.08/turn              (no ring)
MPRegen  0.13/turn              (no ring)

@: very slightly contaminated
A: no striking features
a: no special abilities


You were on level 3 of the Dungeon.
You were not hungry.

You visited 1 branch of the dungeon, and saw 3 of its levels.

You collected 67 gold pieces.

Inventory:

Hand Weapons
 h - a +0 dagger (weapon)
Armour
 a - a +0 robe (worn)
 k - a +1 hat of magic resistance (worn)
Scrolls
 b - a scroll of teleportation
Potions
 e - 2 potions of might
 f - a potion of haste
 g - a potion of heal wounds {unknown}
 l - a potion of magic
Books
 c - a book of Minor Magic

   Spells                             Type                      Level
   a - Magic Dart                     Conjuration                  1
   b - Blink                          Translocation                2
   c - Call Imp                       Summoning                    2
   d - Slow                           Hexes                        2
   e - Conjure Flame                  Conjuration/Fire             3
   f - Mephitic Cloud                 Conjuration/Poison/Air       3
Comestibles
 d - 2 bread rations
 i - 2 meat rations
 j - 2 chunks of flesh


   Skills:
 - Level 3.0 Dodging
 + Level 4.1 Stealth
 - Level 5.0 Spellcasting
 + Level 2.2 Conjurations
 + Level 1.7 Summonings
 + Level 1.7 Translocations
 + Level 1.0 Fire Magic
 + Level 1.1 Air Magic


You had 2 spell levels left.
You knew the following spells:

 Your Spells              Type           Power        Failure   Level  Hunger
a - Magic Dart            Conj           ###.         3%          1    None
b - Blink                 Tloc           N/A          7%          2    None
c - Call Imp              Summ           ##......     7%          2    None
d - Conjure Flame         Conj/Fire      ##......     13%         3    ##.....
e - Mephitic Cloud        Conj/Pois/Air  ##......     17%         3    ##.....


Dungeon Overview and Level Annotations

Branches:
Dungeon (3/15)

Altars:


Message History

The magic dart hits the orc.
The orc is almost dead.
An orc comes into view. It is wielding a dagger.
Casting: Magic Dart
Confirm with . or Enter, or press ? or * to list all spells.
Aiming: Magic Dart
Press: ? - help, Shift-Dir - straight line, f/p - orc
Aim: an orc, wearing a leather armour (almost dead)
The magic dart hits the orc.
You kill the orc!
The orc closely misses you.
The orc shouts!
You see here 16 arrows.
The orc priest calls down the wrath of Beogh upon you.
Pain shoots through your body!
Ouch! That really hurt!
The orc priest mumbles some strange prayers to Beogh against you.
Beogh smites you!
Ouch! That really hurt!
You die...

..#.#.##.##.#... #.##.#..#
...#..)..#..... . #.#.....#
..###.......#.... #.......#
##.#........#.... #...o...#
#.##.#.####.... #...o...#
####.#......##########.####
#.##..........#####.#
######.##.###.#.....oo...#
.....#.##.###.#.@#.#######
####.#...........#(#
####)####.###.#.##.#
#......##.###......#
#.##.#.##.......####
#<##>#.##########
.....#.#### ..#.......#
###.##.##.#


You could see an orc priest and an orc.

Vanquished Creatures
  3 gnolls (D:2)
  3 adders
  2 oozes (D:1)
  A worm (D:2)
  3 dart slugs (D:1)
  4 leopard geckos
  2 orcs (D:3)
  3 ball pythons
  3 bats
  3 giant cockroaches (D:1)
  5 hobgoblins
  4 jackals (D:1)
  A quokka (D:2)
  3 frilled lizards (D:2)
  3 goblins
  6 kobolds
  9 rats
58 creatures vanquished.

Notes
Turn   | Place    | Note
-------+----------+-------------------------------------------
     0 | D:1      | Ordine the Deep Elf Wizard began the quest for the Orb.
     0 | D:1      | Reached XP level 1. HP: 10/10 MP: 7/7
   346 | D:1      | Reached XP level 2. HP: 15/15 MP: 6/9
   572 | D:1      | Learned a level 2 spell: Blink
   575 | D:1      | Learned a level 2 spell: Call Imp
   645 | D:1      | Reached XP level 3. HP: 13/19 MP: 0/11
  1023 | D:1      | Reached skill level 5 in Spellcasting
  1028 | D:1      | Learned a level 3 spell: Conjure Flame
  1032 | D:1      | Learned a level 3 spell: Mephitic Cloud
  1493 | D:2      | Reached XP level 4. HP: 24/24 MP: 8/13
  2263 | D:2      | Reached skill level 1 in Fire Magic
  2263 | D:2      | Reached skill level 1 in Air Magic
  2709 | D:3      | Killed from afar by an orc priest

Vault maps used:
D:1:      minmay_arrival_stair_chambers
D:2:      first_bread
D:3:      okawaru_metal_pillars_1_2, grunt_decor_mini_mirrors

Skill      XL: |  1  2  3  4 |
---------------+-------------+-----
Stealth        | 3 4 |  4.1
Spellcasting   | 5 |  5.0
Dodging        | 3 |  3.0
Conjurations   | 2 |  2.2
Fire Magic     | 1 |  1.0
Air Magic      | 1 |  1.1
Summonings     | |  1.7
Translocations | |  1.7

Action                   |  1- 3 |  4- 6 || total
-------------------------+-------+-------++-------
Melee: Unarmed           |     5 |       ||     5
       Dagger            |    19 |     1 ||    20
 Cast: Magic Dart        |    89 |    71 ||   160
  Use: Scroll            |     2 |     6 ||     8
       Potion            |     2 |       ||     2
  Eat: Chunk             |     2 |     3 ||     5
Armor: Robe              |     7 |     2 ||     9
       Skin              |    17 |       ||    17
Dodge: Dodged            |    40 |    10 ||    50
